AoeStats
← GAX | Urubu

Black Forest

509497695Analyzed
4v4 RM · 6d ago on Sep 27, 2026· 44m 32s· 8 players
Game mode
Random Map
Map size
Large (8 player)
Population
200
Speed
Normal
Resources
Standard
Victory
Conquest
Starting age
Dark Age
Ending age
Imperial Age
RankedLock teamsTeams togetherTeam positionsShared explorationLock speedFull tech treeHidden civsTurbo modeCheats
Victory
Defeat
🇨🇱 Dravidians · Chile
1753
+10
🇧🇷 Saracens · Brazil
1598
+16
🇲🇽 Japanese · Mexico
1474
+22
🇦🇷 Britons · Argentina
1344
+26
🇨🇦 Gurjaras · Canada
1632
-20
🇲🇽 Sicilians · Mexico
1625
-20
🇨🇦 Shu · Canada
1569
-17
🇲🇽 Bulgarians · Mexico
1568
-17
SimmaHem7912
1:53 Loom
11:27 Feudal Age
15:58 Castle Age
14:28 Double-Bit Axe
17:10 Bow Saw
17:43 Fishing Lines
20:32 Horse Collar
22:50 Heavy Plow
23:20 Gold Mining
24:51 Wheelbarrow
24:56 Town Watch
25:16 Stone Mining
27:30 Gold Shaft Mining
27:33 Squires
27:19 Arson
28:05 First Crusade
29:01 Hand Cart
29:25 Scale Mail Armor
32:38 Imperial Age
30:55 Chain Mail Armor
30:51 Forging
32:09 Stone Shaft Mining
33:08 Masonry
33:06 Onager
34:21 Conscription
33:22 Elite Serjeant
34:22 Siege Engineers
35:18 Chemistry
34:29 Caravan
35:46 Hoardings
35:34 Ballistics
35:11 Siege Onager
37:34 Plate Mail Armor
37:41 Iron Casting
39:15 Blast Furnace
38:40 Guilds
39:08 Fletching
40:18 Siege Onager
43:18 Capped Ram
44:15 Murder Holes
44:06 Arrowslits
sfcwallace
11:43 Feudal Age
12:57 Double-Bit Axe
15:38 Castle Age
16:36 Bow Saw
16:31 Fishing Lines
17:29 Gillnets
19:45 Wheelbarrow
25:04 Loom
26:29 Horse Collar
30:16 Imperial Age
29:12 Coinage
31:57 Chemistry
31:37 Conscription
31:16 Fletching
31:26 Padded Archer Armor
31:48 Ballistics
31:35 Siege Engineers
31:40 Masonry
31:11 Treadmill Crane
30:54 Crossbowman
31:36 Arbalester
32:28 Thumb Ring
33:09 Hand Cart
32:40 Town Watch
32:55 Gold Mining
32:55 Stone Mining
34:01 Bodkin Arrow
34:41 Bracer
34:56 Leather Archer Armor
35:59 Ring Archer Armor
35:41 Bolt Magazine
36:17 Hoardings
41:01 Two-Man Saw
40:38 Gold Shaft Mining
41:01 Architecture
43:40 Guilds
ノルフ
0:45 Loom
12:20 Feudal Age
16:09 Castle Age
15:18 Double-Bit Axe
16:25 Horse Collar
16:55 Gold Mining
24:50 Redemption
27:57 Sanctity
31:41 Stone Mining
32:07 Fletching
32:18 Padded Archer Armor
35:03 Imperial Age
32:43 Fletching
34:46 Padded Archer Armor
36:00 Heavy Plow
37:32 Leather Archer Armor
39:00 Bodkin Arrow
40:02 Wheelbarrow
39:40 Thumb Ring
39:55 Bow Saw
40:16 Crop Rotation
41:46 Scale Barding Armor
41:43 Bracer
41:48 Scale Barding Armor
42:37 Bloodlines
42:27 Husbandry
42:07 Elite Skirmisher
43:53 Heavy Camel Rider
44:56 Chain Barding Armor
44:47 Forging
45:07 Ballistics
45:29 Gold Shaft Mining
robecha18
0:27 Loom
11:39 Feudal Age
12:17 Double-Bit Axe
14:56 Wheelbarrow
14:43 Horse Collar
19:41 Castle Age
17:30 Fishing Lines
21:30 Horse Collar
23:35 Town Watch
28:39 Gold Mining
29:17 Hand Cart
30:07 Gillnets
31:31 Bow Saw
31:41 Scale Barding Armor
32:29 Fletching
33:54 Bodkin Arrow
34:00 Padded Archer Armor
37:37 Imperial Age
35:03 Stone Mining
35:51 Gold Shaft Mining
36:24 Leather Archer Armor
36:32 Forging
36:22 Scale Mail Armor
37:37 Pikeman
38:18 Squires
38:05 Gambesons
38:56 Iron Casting
38:43 Conscription
37:45 Heavy Scorpion
38:20 Halberdier
39:22 Chain Mail Armor
40:08 Blast Furnace
39:46 Capped Ram
40:59 Plate Mail Armor
41:25 Chain Barding Armor
41:06 Bracer
42:41 Arson
watoncito
12:55 Feudal Age
13:37 Double-Bit Axe
13:34 Fishing Lines
16:09 Castle Age
17:37 Bow Saw
20:21 Loom
22:21 Gillnets
23:22 Wheelbarrow
25:13 Stone Mining
25:14 Gold Mining
27:02 Hand Cart
30:29 Imperial Age
27:51 Horse Collar
28:29 Fletching
28:39 Padded Archer Armor
28:41 Husbandry
29:37 Thumb Ring
29:28 Bodkin Arrow
30:16 Leather Archer Armor
30:23 Ballistics
30:28 Heavy Plow
31:31 Conscription
31:02 Elite Elephant Archer
32:44 Chemistry
31:45 Bracer
33:30 Two-Man Saw
32:44 Town Watch
34:04 Ring Archer Armor
35:18 Masonry
40:42 Siege Elephant
41:43 Light Cavalry
42:29 Scale Barding Armor
42:35 Forging
42:33 Medical Corps
42:49 Wootz Steel
44:01 Sanctity
45:18 Chain Barding Armor
GAX | Urubu
10:56 Feudal Age
11:54 Loom
12:02 Town Watch
14:27 Castle Age
12:59 Double-Bit Axe
13:01 Fishing Lines
17:19 Bow Saw
17:47 Horse Collar
18:44 Loom
19:40 Wheelbarrow
22:23 Heavy Plow
23:37 Stone Mining
23:41 Gold Mining
29:40 Imperial Age
27:20 Scale Barding Armor
27:28 Forging
28:09 Scale Mail Armor
28:34 Chain Barding Armor
29:55 Hand Cart
29:26 Town Watch
29:58 Bimaristan
30:06 Fletching
30:54 Conscription
30:47 Elite Mameluke
31:37 Bimaristan
32:41 Iron Casting
32:42 Plate Barding Armor
32:49 Hoardings
32:29 Bloodlines
32:19 Husbandry
33:08 Bodkin Arrow
35:12 Chemistry
34:26 Caravan
35:42 Town Patrol
42:30 Blast Furnace
Yun
2:59 Loom
11:54 Feudal Age
15:49 Castle Age
15:08 Double-Bit Axe
17:31 Bow Saw
19:42 Horse Collar
21:20 Fishing Lines
28:10 Imperial Age
26:31 Wheelbarrow
26:20 Gold Mining
26:24 Stone Mining
26:35 Heavy Plow
26:24 Town Watch
27:33 Hand Cart
27:31 Fletching
27:15 Pikeman
27:56 Squires
27:42 Arson
28:32 Ballistics
30:25 Two-Man Saw
29:24 Bodkin Arrow
29:29 Scale Mail Armor
29:40 Forging
30:57 Conscription
31:27 Chain Mail Armor
31:13 Bracer
31:34 Guard Tower
32:45 Chemistry
31:26 Treadmill Crane
32:38 Caravan
33:11 Plate Mail Armor
32:05 Halberdier
33:07 Thumb Ring
35:00 Keep
34:35 Yasama
35:15 Hoardings
35:38 Padded Archer Armor
36:14 Iron Casting
36:30 Coinage
36:42 Siege Engineers
36:48 Masonry
38:07 Kataparuto
37:44 Elite Samurai
41:27 Blast Furnace
40:42 Leather Archer Armor
41:46 Banking
JUNCAL
0:58 Loom
13:03 Feudal Age
14:40 Double-Bit Axe
17:00 Castle Age
15:19 Horse Collar
17:24 Stone Mining
18:39 Bow Saw
18:45 Heavy Plow
29:34 Wheelbarrow
37:00 Hand Cart
39:16 Imperial Age
36:50 Stone Mining
37:54 Fletching
38:25 Ballistics
38:19 Padded Archer Armor
38:21 Treadmill Crane
38:52 Masonry
39:11 Bodkin Arrow
40:15 Bracer
41:17 Chemistry
41:10 Conscription
40:11 Elite Longbowman
41:21 Squires
41:52 Leather Archer Armor
42:19 Yeomen
42:34 Caravan
Connection lost

Rejoining the realm…

Still unreachable

The connection could not be restored.

Session expired

The server has moved on; the page needs a fresh start.